 Dungeon Crawl Stone Soup version 0.29.1-1-gd02db6906a (webtiles) character file.

Game seed: 3473643322852281178

1232 MisterFreud the Covert (level 8, -3/100 HPs)
             Began as a Gnoll Delver on Sept 27, 2022.
             Was a Believer of Qazlal.
             Slain by a gnoll
             ... wielding a +2 spear of venom
              (5 damage)
             ... on level 5 of the Dungeon.
             The game lasted 00:09:28 (5452 turns).

MisterFreud the Covert (Gnoll Delver)               Turns: 5452, Time: 00:09:29

Health: -3/100     AC: 24    Str: 17    XL:     8   Next: 48%
Magic:  2/13       EV:  2    Int: 11    God:    Qazlal [**....]
Gold:   9          SH:  8    Dex: 15    Spells: 10/13 levels left

rFire   . . .      SeeInvis .   h - +1 short sword (venom)
rCold   . . .      Faith    .   n - +0 buckler
rNeg    . . .      Spirit   .   (body armour currently unavailable)
rPois   +          Reflect  .   (helmet currently unavailable)
rElec   .          Harm     .   (cloak currently unavailable)
rCorr   .          Rampage  .   (gloves currently unavailable)
Will    .....      NoTele   +   (boots currently unavailable)
Stlth   ++++......              (no amulet)
HPRegen 0.26/turn               s - ring of wizardry
MPRegen 0.13/turn               u - +6 ring of strength

@: lethally poisoned (-3 -> -23), tree-form
A: stationary, stasis, torment immunity, boosted hp, (fangs 1), strong nose,
distributed training, (antennae 1), (iridescent scales 1)
a: Renounce Religion, Upheaval


You were on level 5 of the Dungeon.
You worshipped Qazlal.
Qazlal was pleased with you.
You were a tree.
You visited 2 branches of the dungeon, and saw 8 of its levels.

You collected 211 gold pieces.
You spent 202 gold pieces at shops.

Inventory:

Hand Weapons
 a - a +0 short sword
 e - a +2 dagger of speed
 h - a +1 short sword of venom (weapon)
 w - a +1 whip of venom
Missiles
 y - 5 poisoned darts (quivered)
 C - 3 boomerangs
Armour
 b - a +0 leather armour (melded)
 i - a +0 helmet
 n - a +0 buckler (worn)
Jewellery
 s - a ring of wizardry (left branch)
 u - a +6 ring of strength (right branch)
Wands
 f - a wand of charming (6)
 g - a wand of digging (3)
Scrolls
 c - a scroll of fog
 d - 4 scrolls of magic mapping
 k - 5 scrolls of teleportation
 l - 5 scrolls of identify
 m - a scroll of noise {unknown}
 p - a scroll of blinking
 r - 2 scrolls of enchant weapon {unknown}
 t - a scroll of fear
 z - a scroll of immolation {unknown}
 A - a scroll of vulnerability {unknown}
Potions
 j - 2 potions of cancellation
 o - a potion of degeneration
 v - a potion of haste


   Skills:
 + Level 7.4 Fighting
 + Level 5.8 Short Blades
 + Level 3.4 Long Blades
 + Level 3.4 Axes
 + Level 3.4 Maces & Flails
 + Level 3.4 Polearms
 + Level 3.4 Staves
 + Level 3.4 Ranged Weapons
 + Level 3.4 Throwing
 + Level 3.4 Armour
 + Level 5.8 Dodging
 + Level 10.2 Stealth
 + Level 3.4 Shields
 + Level 3.4 Unarmed Combat
 + Level 3.4 Spellcasting
 + Level 2.8 Conjurations
 + Level 2.8 Hexes
 + Level 2.8 Summonings
 + Level 2.8 Necromancy
 + Level 2.8 Translocations
 + Level 2.8 Transmutations
 + Level 2.8 Fire Magic
 + Level 2.8 Ice Magic
 + Level 2.8 Air Magic
 + Level 2.8 Earth Magic
 + Level 2.8 Poison Magic
 + Level 3.8 Invocations
 + Level 3.4 Evocations


You had 10 spell levels left.
You knew the following spells:

 Your Spells              Type           Power      Damage    Failure   Level
a - Mephitic Cloud        Conj/Pois/Air  8%         N/A       12%         3

Your spell library contained the following spells:

 Spells                   Type           Power      Damage    Failure   Level
 Magic Dart               Conj           32%        1d4       4%          1
 Call Imp                 Summ           8%         N/A       6%          2
 Sublimation of Blood     Necr           8%         N/A       6%          2
 Call Canine Familiar     Summ           8%         N/A       12%         3
 Confusing Touch          Hex            8%         N/A       12%         3
 Portal Projectile        Hex/Tloc       16%        N/A       12%         3
 Leda's Liquefaction      Hex/Erth       4%         N/A       38%         4
 Petrify                  Tmut/Erth      8%         N/A       38%         4
 Irradiate                Conj/Tmut      4%         3d13      71%         5
 Yara's Violent Unravell  Hex/Tmut       4%         3d4       71%         5
 Enfeeble                 Hex            4%         N/A       100%        7


Dungeon Overview and Level Annotations

Branches:
Dungeon (7/15)             Temple (1/1) D:4

Altars:
Cheibriados
Dithmenos
Elyvilon
Makhleb
Nemelex Xobeh
Okawaru
Qazlal
Sif Muna
Trog
Vehumet
Wu Jian
Xom
Yredelemnul
Zin
The Shining One

Shops:
D:2 ?   D:5 ?

Annotations:
D:3 1 runed translucent door, sentinel's ghost, amateur MeEE


Innate Abilities, Weirdness & Mutations

You are a tree.
Your roots penetrate the ground, keeping you stationary.
You cannot be teleported.
You are immune to unholy pain and torment.
Your maximum health is greatly increased.
Your equipment is partially melded.
((You have very sharp teeth.))
Your uncanny sense of smell can sniff out nearby items.
Your experience applies equally to all skills.
((You have a pair of small antennae on your head.))
((You are partially covered in iridescent scales. (AC +2)))


Message History

Your +0 leather armour melds into your body.
Your roots penetrate the ground.
* * * LOW HITPOINT WARNING * * *
You feel extremely sick. The hound bites you but does no damage.
The water moccasin bites you but does no damage.
The hound bites you.
* * * LOW HITPOINT WARNING * * *
You block the gnoll's attack.
An ogre comes into view. It is wielding a +0 giant spiked club.
The gnoll is engulfed in noxious fumes.
The gnoll appears confused.
The gnoll hits you but does no damage.
Unknown command.
Unknown command.
You hit the water moccasin.
You kill the water moccasin!
Qazlal accepts your kill.
* * * LOW HITPOINT WARNING * * *
You feel very sick. You block the hound's attack.
You feel your intelligence returning.
Unknown command.
Unknown command.
Okay, then.
Unknown command.
Okay, then.
Unknown command.
Unknown command.
Unknown command.
Unknown command.
Unknown command.
Okay, then.
You hit the gnoll.
The gnoll is poisoned.
The gnoll is almost dead.
* * * LOW HITPOINT WARNING * * *
You feel very sick.
You kill the gnoll!
Qazlal accepts your kill.
The gnoll hits you from afar with a +2 spear of venom.
You die...

....................#
.........#........#
........##.........
.........#...##..##
.........#.### ..#
.........#.# .. .
.......O##.. .......#.#h.#
.....#####♣g#.........# ..
........).#)..........##..
........g...###...........
...#####....###..........#.
...#($?#....#...........##.
#.$#/:?#....##.............
#..#!:?#...###.............
#..#####...........# ##...
#............#.....####....


You could see an ogre, a hound and 2 gnolls.

Vanquished Creatures
  A water moccasin (D:5)
  A sky beast (D:7)
  2 bullfrogs
  2 scorpions (D:4)
  4 necrophages
  A wight (D:3)
  A hound (D:4)
  A human zombie (D:4)
  An orc priest (D:4)
  A gnoll bouda (D:4)
  A jelly (D:5)
  A scorpion zombie (D:4)
  3 orc wizards
  2 hound zombies (D:4)
  2 mummies (D:4)
  4 gnolls
  9 adders
  An ufetubus (D:4)
  2 adder zombies (D:4)
  3 worms (D:2)
  3 dart slugs
  5 orcs
  6 endoplasms
  A giant cockroach (D:2)
  10 goblins
  10 hobgoblins
  2 jackals (D:4)
  8 kobolds
  4 quokkas
  8 ball pythons
  4 bats
  2 frilled lizards
  9 rats
115 creatures vanquished.

Notes
Turn   | Place    | Note
-------+----------+-------------------------------------------
     0 | D:5      | Reached skill level 9 in Stealth
     0 | D:5      | MisterFreud the Gnoll Delver began the quest for the Orb.
     0 | D:5      | Reached XP level 1. HP: 23/23 MP: 1/1
    81 | D:3      | You fall into a shaft and drop 3 floors!
    86 | D:7      | Noticed a sky beast
    88 | D:7      | Killed a sky beast
    89 | D:7      | Reached skill level 1 in Long Blades
    89 | D:7      | Reached skill level 1 in Axes
    89 | D:7      | Reached skill level 1 in Maces & Flails
    89 | D:7      | Reached skill level 1 in Polearms
    89 | D:7      | Reached skill level 1 in Staves
    89 | D:7      | Reached skill level 1 in Ranged Weapons
    89 | D:7      | Reached skill level 1 in Throwing
    89 | D:7      | Reached skill level 1 in Armour
    89 | D:7      | Reached skill level 1 in Shields
    89 | D:7      | Reached skill level 1 in Unarmed Combat
    89 | D:7      | Reached skill level 1 in Spellcasting
    89 | D:7      | Reached skill level 1 in Conjurations
    89 | D:7      | Reached skill level 1 in Hexes
    89 | D:7      | Reached skill level 1 in Summonings
    89 | D:7      | Reached skill level 1 in Necromancy
    89 | D:7      | Reached skill level 1 in Translocations
    89 | D:7      | Reached skill level 1 in Transmutations
    89 | D:7      | Reached skill level 1 in Fire Magic
    89 | D:7      | Reached skill level 1 in Ice Magic
    89 | D:7      | Reached skill level 1 in Air Magic
    89 | D:7      | Reached skill level 1 in Earth Magic
    89 | D:7      | Reached skill level 1 in Poison Magic
    89 | D:7      | Reached skill level 1 in Invocations
    89 | D:7      | Reached skill level 1 in Evocations
    89 | D:7      | Reached XP level 2. HP: 27/29 MP: 1/3
    89 | D:7      | Reached XP level 3. HP: 33/35 MP: 1/4
    89 | D:7      | Reached XP level 4. HP: 39/41 MP: 1/5
    99 | D:6      | Noticed a bullfrog
   105 | D:6      | Killed a bullfrog
   106 | D:6      | Reached XP level 5. HP: 47/47 MP: 2/7
   143 | D:6      | Noticed an ogre
   465 | D:4      | Found a staircase to the Ecumenical Temple.
   475 | Temple   | Entered the Ecumenical Temple
   518 | Temple   | Became a worshipper of Qazlal Stormbringer
  1004 | D:1      | Reached XP level 6. HP: 53/53 MP: 8/8
  1154 | D:1      | Reached * piety under Qazlal
  1860 | D:2      | Found a faded altar of an unknown god.
  1889 | D:2      | Reached skill level 5 in Short Blades
  1889 | D:2      | Reached skill level 5 in Dodging
  2047 | D:2      | Found an ornate altar of the Wu Jian Council.
  2254 | D:2      | Found Luakem Figar's Magic Scroll Shoppe.
  2262 | D:2      | Bought a scroll of teleportation for 33 gold pieces
  2262 | D:2      | Bought a scroll of fear for 44 gold pieces
  2960 | D:3      | Found a runed translucent door.
  2968 | D:3      | Noticed sentinel's ghost (amateur MeEE)
  3045 | D:3      | Found a burning altar of Makhleb.
  3367 | D:3      | Reached XP level 7. HP: 51/60 MP: 10/10
  3373 | D:3      | Reached ** piety under Qazlal
  3715 | D:4      | Learned a level 3 spell: Mephitic Cloud
  3831 | D:4      | Reached skill level 10 in Stealth
  4146 | D:3      | Gained mutation: You are partially covered in iridescent
                  | scales. (AC +2) [potion of mutation]
  4146 | D:3      | Gained mutation: You have a pair of small antennae on your
                  | head. [potion of mutation]
  4643 | D:4      | Reached XP level 8. HP: 51/65 MP: 8/12
  4864 | D:4      | Found a radiant altar of Vehumet.
  4864 | D:4      | Found a bloodstained altar of Trog.
  4865 | D:4      | Found a shadowy altar of Dithmenos.
  4912 | D:4      | Found a basalt altar of Yredelemnul.
  5327 | D:5      | Found Hauschalu's Magic Scroll Shop.
  5416 | D:5      | Bought a scroll of identify for 20 gold pieces
  5416 | D:5      | Bought a scroll of blinking for 75 gold pieces
  5416 | D:5      | Bought a scroll of teleportation for 30 gold pieces
  5451 | D:5      | HP: 5/100 [poisoned by a gnoll]
  5452 | D:5      | HP: 2/100 [poisoned by a gnoll]
  5452 | D:5      | Slain by a gnoll

Illustrated notes

Levels and vault maps discovered:
D:1:      co_arrival_two_rings, layout_basic, reono_crystal_passage,
          hangedman_abyss_or_decor_stabs, minivault_24, minmay_hexomino_f4
D:2:      layout_basic, basic_altar, nicolae_ecumenical_snake_handling,
          serial_shops, nicolae_shop_statue_plus
D:3:      layout_loops_ring, marbit_many_paths, ebering_ghost_sewer_d,
          roderic_serpentine_path, hex_tiny
D:4:      layout_cave_pools, lemuel_mausoleum_altar_yredelemnul,
          gammafunk_temple_overflow_forgotten, minmay_temple_entry_proselytizer,
          kennysheep_generic_room_3
D:5:      layout_cave_pools, nicolae_wu_jian_immortal_techniques,
          kennysheep_mini_moat, serial_shops, shop,
          minmay_misc_feat_more_columns, corexii_item_surrounded_by_moat,
          due_unseen_surprise, uniq_pikel
D:6:      layout_rooms, mainiacjoe_overflow_cross_hatched
D:7:      layout_loops_cross, fedhas_altar_4, mainiacjoe_overflow_alcove_2,
          kiku_gazebo_pond_becter, nicolae_concentric_dashed_squares_wild
Temple:   chequers_temple_sunken

Skill      XL: |  1  2  3  4  5  6  7 |
---------------+----------------------+-----
Stealth        | 10 | 10.2
Long Blades    | 1 2 3 |  3.4
Axes           | 1 2 3 |  3.4
Maces & Flails | 1 2 3 |  3.4
Polearms       | 1 2 3 |  3.4
Staves         | 1 2 3 |  3.4
Ranged Weapons | 1 2 3 |  3.4
Throwing       | 1 2 3 |  3.4
Armour         | 1 2 3 |  3.4
Shields        | 1 2 3 |  3.4
Unarmed Combat | 1 2 3 |  3.4
Spellcasting   | 1 2 3 |  3.4
Conjurations   | 1 2 |  2.8
Hexes          | 1 2 |  2.8
Summonings     | 1 2 |  2.8
Necromancy     | 1 2 |  2.8
Translocations | 1 2 |  2.8
Transmutations | 1 2 |  2.8
Fire Magic     | 1 2 |  2.8
Ice Magic      | 1 2 |  2.8
Air Magic      | 1 2 |  2.8
Earth Magic    | 1 2 |  2.8
Poison Magic   | 1 2 |  2.8
Invocations    | 1 2 3 |  3.8
Evocations     | 1 2 3 |  3.4
Short Blades   | 5 |  5.8
Dodging        | 5 |  5.8
Fighting       | 7 |  7.4

Action                   |  1- 3 |  4- 6 |  7- 9 || total
-------------------------+-------+-------+-------++-------
Melee: Short sword       |    16 |    24 |    96 ||   136
       Dagger            |       |   264 |   156 ||   420
       Bite              |       |    26 |    28 ||    54
 Cast: Mephitic Cloud    |       |       |     6 ||     6
  Use: Potion            |       |     1 |     7 ||     8
       Scroll            |       |     1 |     2 ||     3
 Stab: Sleeping          |     3 |     7 |       ||    10
       Confused          |       |       |     3 ||     3
Armor: Leather armour    |     2 |    41 |    33 ||    76
       Skin              |       |       |     3 ||     3
Dodge: Dodged            |     8 |   107 |   115 ||   230
Block: Buckler           |       |    46 |    98 ||   144
